 Dungeon Crawl Stone Soup version 0.30-a0-743-gbfdf073 (webtiles) character file.

Game seed: 9987532899076365520

3 Illumine the Caller (level 1, -3/7 HPs)
             Began as a Felid Summoner on Feb 8, 2023.
             Slain by a gnoll
             ... wielding a +0 club
              (5 damage)
             ... on level 2 of the Dungeon.
             The game lasted 00:00:46 (164 turns).

Illumine the Caller (Felid Summoner)                 Turns: 164, Time: 00:00:47

Health: -3/7       AC:  1    Str:  4    XL:     1   Next: 41%
Magic:  3/4        EV: 17    Int: 16    God:
Gold:   1          SH:  0    Dex: 16    Spells: 3/4 levels left
                                        Lives:  0   Deaths: 0

rFire   . . .      SeeInvis +    (weapon unavailable)
rCold   . . .      Faith    .    (shield unavailable)
rNeg    . . .      Spirit   .    (body armour unavailable)
rPois   .          Reflect  .    (helmet unavailable)
rElec   .          Harm     .    (cloak unavailable)
rCorr   .          Rampage  .    (gloves unavailable)
Will    .....                    (boots unavailable)
Stlth   ++                       (no amulet)
HPRegen 0.21/turn                (no ring)
MPRegen 0.09/turn                (no ring)

@: quick
A: very small, claws 1, fangs 3, see invisible, speed 1, shaggy fur 1, stealthy
paws, no weapons or thrown items, no armour, multi-lived
a: no special abilities


You were on level 2 of the Dungeon.
You visited 1 branch of the dungeon, and saw 2 of its levels.

You collected 1 gold pieces.

Inventory:

Potions
 a - a potion of magic
 b - a potion of ambrosia {unknown}
 c - a potion of degeneration {unknown}


   Skills:
 - Level 2.6 Dodging
 - Level 2.6 Stealth
 + Level 2.1 Spellcasting
 + Level 4.1 Summonings


You had 3 spell levels left.
You knew the following spells:

 Your Spells              Type           Power      Damage    Failure   Level
a - Summon Small Mammal   Summ           56%        N/A       3%          1

Your spell library contained the following spells:

 Spells                   Type           Power      Damage    Failure   Level
 Call Imp                 Summ           14%        N/A       6%          2
 Call Canine Familiar     Summ           14%        N/A       12%         3
 Summon Guardian Golem    Hex/Summ       8%         N/A       26%         3
 Summon Lightning Spire   Summ/Air       8%         N/A       65%         4


Dungeon Overview and Level Annotations

Branches:
Dungeon (2/15)

Altars:


Innate Abilities, Weirdness & Mutations

You have sharp claws.
You have razor-sharp teeth.
You have supernaturally acute eyesight. (SInv)
You cover ground quickly. (Speed+)
You are covered in fur. (AC +1)
Your paws help you pounce on unaware monsters.
You are incapable of wielding weapons or throwing items.
You cannot wear armour.
You gain extra lives every three experience levels.


Message History

The kobold shouts!
There is a stone staircase leading up here.
Casting: Summon Small Mammal (safe; 4% risk of failure)
Confirm with . or Enter, or press ? or * to list all spells.
Casting: Summon Small Mammal (safe; 4% risk of failure)
Confirm with . or Enter, or press ? or * to list all spells.
The kobold throws a stone.
The stone completely misses you.
The kobold hits your quokka with a +0 dagger.
Your quokka bites the kobold.
The kobold hits your quokka with a +0 dagger.
Your quokka misses the kobold.
The kobold throws a stone.
The stone closely misses your quokka. The stone closely misses you.
Your quokka bites the kobold.
Your quokka barely misses the kobold.
The kobold throws a stone.
The stone completely misses your quokka.
The stone barely misses you.
Your quokka misses the kobold. The kobold barely misses your quokka.
Your quokka bites the kobold.
The kobold dies!
You climb upwards.
Your summoned allies are left behind.
The ball python completely misses you. The ball python closely misses you.
The hobgoblin misses you. The ball python closely misses you.
The ball python grabs you. The ball python constricts you. The bat misses you.
There is a stone staircase leading down here.
The ball python's grasp on you weakens, but your attempt to escape fails.
The bat hits you but does no damage. The hobgoblin hits you.
The ball python bites you. The ball python constricts you.
Unknown command.
You escape the ball python's grasp.
The gnoll misses you. The hobgoblin hits you.
* * * LOW HITPOINT WARNING * * *
The hobgoblin misses you. The ball python misses you.
The ball python completely misses you. The bat closely misses you.
You climb downwards.
There is a stone staircase leading up here.
Unknown command.
You scratch the hobgoblin. Your bite misses the hobgoblin.
The hobgoblin is lightly wounded.
The hobgoblin misses you. The gnoll hits you with a +0 club.
Ouch! That really hurt!
You die...

..# #..# #.# # #.#
#..###.. #.#.#
#......# .#.# #...
..# ... #..###.#
#.# #...##(#
.##.#######....#g##
...(...........g@S+
.##.######.....#g##
#.# #.......# #.#
#.####### #.# #.#
###.# #.# ....# #.#
.#### #.# .#


You could see a gnoll, 2 hobgoblins and a ball python.

Vanquished Creatures (collateral kills)
  A giant cockroach (D:1)
  2 kobolds (D:2)
3 creatures vanquished.

Notes
Turn   | Place    | Note
-------+----------+-------------------------------------------
     0 | D:1      | Illumine the Felid Summoner began the quest for the Orb.
     0 | D:1      | Reached XP level 1. HP: 7/7 MP: 4/4
   164 | D:2      | Slain by a gnoll

Illustrated notes

Levels and vault maps discovered:
D:1:      denvon_arrival_hothouse, layout_rooms
D:2:      layout_loops_corners, serial_shops, nicolae_shop_bloodbath_and_beyond,
          nicolae_shop_crystal, shop, nicolae_shop_statue_plus, basic_altar

Action                     || total
---------------------------++-------
  Melee: Unarmed           ||     9
         Bite              ||     2
   Cast: Summon Small Mamm ||     9
 Armour: Skin              ||     4
  Dodge: Dodged            ||    31

Table legend: (Time is in decaauts)
 A = Elapsed time spent in this place.
 B = Non-inter-level travel time spent in this place.
 C = Inter-level travel time spent in this place.
 D = Time resting spent in this place.
 E = Time spent auto-exploring this place.
 F = Levels seen in this place.
 G = Mean time per level.
                   A        B        C        D        E       F      G
               +--------+--------+--------+--------+--------+-----+--------+
         Total |    145 |    145 |      0 |     16 |     53 |   2 |   72.5 |
       Dungeon |    145 |    145 |      0 |     16 |     53 |   2 |   72.5 |
               +--------+--------+--------+--------+--------+-----+--------+

Top non-repeatable levels by time:
     D:2: 89 daAuts
     D:1: 56 daAuts
